cohdb
Replays
Latest Replays
All Replays
Popular Replays
Top Player Replays
Match Explorer
How It Works
Community
CoH3 Stats
Reddit
Sign in to upload your games and track your stats! →
Sign in with Steam
Match 46802405
Unlisted
Match 46802405
Overview
Messages
Build Orders
End
Selects Italian Combined Arms Battlegroup
Selects Bersaglieri Squad
Bersaglieri Squad
Kradschützen Motorcycle Team
Bersaglieri Squad
Bersaglieri Squad
Construct Light Support Kompanie
Selects Bersaglieri Bolster
2.5-tonne Medical Truck
Construct Mechanized Kompanie
Veteran Squad Leaders
8 Rad Armored Car
Selects Breda Model 30 Light Machine Guns
8 Rad Armored Car
Vehicle Survival Package
Marder III Tank Destroyer
Selects Semovente da 75/18 Assault Gun
Construct Panzerarmee Kommand
Bersaglieri Squad
Selects Strafing Run
Selects Artillery Cover
Panzer III L Medium Tank
Emergency Repair Kits
Strafing Run
Panzer III L Medium Tank
Marder III Tank Destroyer
Panzer III L Medium Tank
Strafing Run
Marder III Tank Destroyer
Strafing Run
Symbiosis
aSIIDemolitionHammer
Balzeal
spongebob
0
0
Comments
sign in to comment!
No comments posted yet!